 Dungeon Crawl Stone Soup version bcrawl-1.39.1 (webtiles) character file.

Game seed: 9769747361096757515

205373 Finalfun the Agent of Entropy (level 7, 0/52 HPs)
             Began as a Demonspawn Abyssal Knight on Sept 26, 2023.
             Was a Priest of Lugonu.
             Killed by nerve-wracking pain
             ... invoked by an orc priest
              (14 damage)
             ... on level 5 of the Dungeon.
             The game lasted 00:14:44 (4744 turns).

Finalfun the Agent of Entropy (DsAK)                Turns: 4744, Time: 00:14:45

Health: 0/52       AC: 10    Str: 15    XL:     7   Next: 72%
Magic:  0/12       EV: 11    Int: 11    God:    Lugonu [***...]
Gold:   286        SH:  8    Dex: 14    Spells: 6/6 levels left

rFire    . . .     GDR:     28% a - +2 whip (drain)
rCold    . . .     SeeInvis .   s - +2 buckler
rNeg     . . .     Gourm    .   m - +0 scale mail
rPois    .         Faith    .   (no helmet)
rElec    .         Spirit   .   q - +1 cloak {MR+}
rCorr    .         Reflect  .   (no gloves)
MR       +....                  (no boots)
Stlth    +.........             f - amulet of rage
HPRegen  0.18/turn              y - +3 ring of evasion
MPRegen  0.13/turn              (no ring)

@: hasted, very quick
A: claws 1, molten scales 1, foul stench 1, rot immunity
a: Depart the Abyss, Bend Space, Banish, Renounce Religion, Evoke Berserk Rage


You were on level 5 of the Dungeon.
You worshipped Lugonu.
Lugonu was most pleased with you.
You were hungry.

You visited 1 branch of the dungeon, and saw 6 of its levels.
You visited the Abyss 1 time.

You collected 286 gold pieces.

Inventory:

Hand Weapons
 a - a +2 whip of draining (weapon)
 b - a +0 blowgun
Missiles
 c - 10 tomahawks of dispersal {=f}
 d - 182 stones (quivered)
Armour
 m - a +0 scale mail (worn)
 q - a +1 cloak of magic resistance (worn)
 s - a +2 buckler (worn)
Jewellery
 f - an amulet of rage (around neck)
 y - a +3 ring of evasion (left claw)
 A - an uncursed amulet of magic regeneration
Scrolls
 g - a scroll of immolation
 h - 9 scrolls of remove curse
 l - a scroll of fog {unknown}
 n - a scroll of enchant weapon {unknown}
 p - a scroll of noise {unknown}
 u - a scroll of blinking {unknown}
 v - a scroll of amnesia
 w - a scroll of revelation {unknown}
Potions
 k - a potion of flight
 o - a potion of heal wounds
 r - a potion of haste
 t - a potion of resistance
 x - a potion of might
 z - a potion of curing {unknown}
Comestibles
 e - 7 rations {!d}
 i - 2 chunks of flesh


   Skills:
 - Level 3.0 Fighting
 - Level 2.0 Maces & Flails
 - Level 1.0 Throwing
 - Level 2.0 Armour
 - Level 1.0 Dodging
 - Level 2.0 Stealth
 + Level 3.6 Shields
 + Level 7.9 Invocations
 - Level 4.0 Evocations


You had 6 spell levels left.
You didn't know any spells.
Your spell library was empty.

Dungeon Overview and Level Annotations

Branches:
Dungeon (6/12)             Temple (0/1) D:4

Altars:
Cheibriados
Okawaru
Sif Muna
Trog
Vehumet

Shops:
D:4 *

Annotations:
D:6 Prince Ribbit


Innate Abilities, Weirdness & Mutations

You have sharp fingernails.
You are partially covered in molten scales. (AC +2)
You may emit foul miasma when damaged in melee.
You are immune to rotting.


Message History

An orc comes into view. It is wielding a -1 dagger.
The orc priest invokes the aid of Beogh against you.
Beogh smites you!
The jackal zombie bites you but does no damage.
The orc shouts!
You hear a shout!
Space bends sharply around you!
The jackal zombie blinks!
You blink.
An orc and a zombie come into view.
The orc shouts!
Something shouts, "Remove thy stench, thou venomed sheep-biting nothing!"
You hear a shout!
An orc wizard comes into view. It is wielding a +0 dagger.
An orc comes into view. It is wielding a +0 dagger.
You feel yourself speed up.
The orc wizard shouts!
A shadow imp comes into view.
An ice beast comes into view.
Space bends around you!
You blink.
The orc priest invokes the aid of Beogh against you.
Pain shoots through your body!
You die...

#............#..##.
##.......g........
##........###....#
..........# ..Z#.##
H>.......g##..##..#
...............Z.#
...........g###.###
[..##.......H.Goo.#
♣..##.####§#.##o@o#
≈≈.##.
..##..Z.......#
♣#..#
....#....5o...##
...
...#...###Y....#
...###.## .....#
...# #.. ..)....
.... #.>.. ......#
.$ .#....#


You could see a hippogriff, an eye of draining, an ice beast, an orc wizard, a
gnoll, a shadow imp, an orc priest, 3 orcs, an adder zombie and a jackal zombie.

Vanquished Creatures
  4 ogres
  A bullfrog (D:6)
  2 crimson imps
  2 hounds (D:4)
  Natasha (thrice) (D:3)
  3 worker ants
  A howler monkey skeleton (D:4)
  4 adders
  An ooze (D:3)
  An adder skeleton (D:4)
  2 worms (D:3)
  2 dart slugs (D:2)
  7 leopard geckos
  2 orcs
  4 giant cockroaches
  5 goblins
  9 hobgoblins
  14 jackals
  14 kobolds
  6 bats
  A quokka zombie (D:4)
  10 rats
98 creatures vanquished.

Vanquished Creatures (others)
  An orc wizard (D:6)
1 creature vanquished.

Grand Total: 99 creatures vanquished

Notes
Turn   | Place    | Note
-------+----------+-------------------------------------------
     0 | Abyss:1  | Finalfun the Demonspawn Abyssal Knight began the quest for
                  | the Orb.
     0 | Abyss:1  | Reached XP level 1. HP: 18/18 MP: 2/2
    26 | Abyss:1  | Noticed a smoke demon
    27 | D:1      | Escaped the Abyss
   250 | D:1      | Reached skill level 1 in Throwing
   250 | D:1      | Reached skill level 1 in Dodging
   250 | D:1      | Reached skill level 3 in Invocations
   370 | D:1      | Gained mutation: You are immune to rotting. [demonic
                  | ancestry]
   370 | D:1      | Reached XP level 2. HP: 24/24 MP: 4/4
   371 | D:1      | Reached * piety under Lugonu
   372 | D:1      | Reached skill level 1 in Stealth
  1362 | D:1      | Gained mutation: You have sharp fingernails. [demonic
                  | ancestry]
  1362 | D:1      | Reached XP level 3. HP: 8/29 MP: 5/5
  1459 | D:2      | Found a glowing golden altar of the Shining One.
  1532 | D:2      | Reached skill level 1 in Evocations
  1563 | D:2      | Reached skill level 4 in Invocations
  1683 | D:2      | Gained mutation: You may emit foul miasma when damaged in
                  | melee. [demonic ancestry]
  1683 | D:2      | Reached XP level 4. HP: 35/35 MP: 7/7
  2234 | D:2      | Reached ** piety under Lugonu
  2455 | D:3      | Noticed Natasha
  2488 | D:3      | Killed Natasha
  2505 | D:3      | Noticed Natasha
  2518 | D:3      | Killed Natasha
  2519 | D:3      | Reached skill level 5 in Invocations
  2519 | D:3      | Gained mutation: You are partially covered in molten
                  | scales. (AC +2) [demonic ancestry]
  2519 | D:3      | Reached XP level 5. HP: 35/41 MP: 8/8
  2557 | D:3      | Noticed Natasha
  2566 | D:3      | Killed Natasha
  2567 | D:3      | Reached skill level 1 in Shields
  2737 | D:3      | Found a shimmering blue altar of Sif Muna.
  2737 | D:3      | Found a bloodstained altar of Trog.
  2737 | D:3      | Found a snail-covered altar of Cheibriados.
  2737 | D:3      | Found a radiant altar of Vehumet.
  2756 | D:3      | Found a glowing silver altar of Zin.
  2760 | D:3      | Found an iron altar of Okawaru.
  2813 | D:3      | Noticed an ogre
  2836 | D:3      | Killed an ogre
  2837 | D:3      | Reached skill level 6 in Invocations
  2837 | D:3      | Reached XP level 6. HP: 42/47 MP: 7/10
  3238 | D:4      | Reached skill level 7 in Invocations
  3238 | D:4      | Reached XP level 7. HP: 36/52 MP: 12/12
  3382 | D:4      | Reached *** piety under Lugonu
  3451 | D:4      | Found Zuyqyjy's Assorted Antiques.
  3693 | D:4      | Found a staircase to the Ecumenical Temple.
  4378 | D:5      | Entered Level 5 of the Dungeon
  4400 | D:5      | Noticed a hippogriff
  4402 | D:6      | Noticed a hungry ghost
  4658 | D:6      | Noticed a steam dragon
  4670 | D:6      | Noticed Prince Ribbit
  4728 | D:5      | Noticed an eye of draining
  4744 | D:5      | Killed from afar by an orc priest

Skill      XL: |  1  2  3  4  5  6  7 |
---------------+----------------------+-----
Throwing       | 1 |  1.0
Armour         | 2 |  2.0
Dodging        | 1 |  1.0
Invocations    | 3 4 5 6 7 |  7.9
Stealth        | 2 |  2.0
Evocations     | 1 2 3 4 |  4.0
Shields        | 1 2 3 |  3.6
Maces & Flails | 2 |  2.0
Fighting       | |  3.0

Action                   |  1- 3 |  4- 6 |  7- 9 || total
-------------------------+-------+-------+-------++-------
Melee: Dagger            |    76 |    96 |       ||   172
       Flail             |     2 |       |       ||     2
       Whip              |       |    49 |   121 ||   170
 Fire: Blowgun           |       |    22 |       ||    22
Throw: Stone             |       |       |    37 ||    37
Invok: Depart the Abyss  |     1 |       |       ||     1
       Bend Space        |     1 |     7 |    21 ||    29
  Use: Scroll            |     2 |     2 |     5 ||     9
       Potion            |       |       |     1 ||     1
  Eat: Chunk             |     1 |     9 |     2 ||    12
       Ration            |     1 |       |     2 ||     3
Armor: Ring mail         |     8 |       |       ||     8
       Scale mail        |    10 |    65 |    58 ||   133
Dodge: Dodged            |    31 |    51 |    45 ||   127
Block: Buckler           |       |    45 |    39 ||    84
